 Dungeon Crawl Stone Soup version 0.25-a0-294-gea9b1ad378 (webtiles) character file.

Game seed: 9672906680813793975, levelgen mode: classic

67 Borgoz the Slasher (level 4, -1/28 HPs)
             Began as a Gargoyle Gladiator on Dec 18, 2019.
             Killed from afar by Natasha (6 damage)
             ... with a magic dart
             ... on level 2 of the Dungeon.
             The game lasted 00:02:46 (1361 turns).

Borgoz the Slasher (Gargoyle Gladiator)             Turns: 1361, Time: 00:02:47

Health: -1/28      AC:  9    Str: 18    XL:     4   Next: 16%
Magic:  4/4        EV: 12    Int:  8    God:
Gold:   48         SH:  0    Dex: 12    Spells: 3/3 levels left

rFire    + . .     SeeInvis .   a - +0 long sword
rCold    . . .     Gourm    .   (no shield)
rNeg     + . .     Faith    .   i - +0 ring mail {rF+}
rPois    ∞         Spirit   .   c - +0 helmet
rElec    +         Reflect  .   (no cloak)
rCorr    +         Harm     .   (no gloves)
MR       .....                  (no boots)
Stlth    +.........             (no amulet)
HPRegen  0.09/turn              b - ring of resist corrosion
MPRegen  0.09/turn              (no ring)

@: no status effects
A: negative energy resistance 1, electricity resistance, unbreathing,
petrification resistance, rot immunity, AC +3
a: no special abilities


You were on level 2 of the Dungeon.
You were not hungry.

You visited 1 branch of the dungeon, and saw 2 of its levels.

You collected 48 gold pieces.

Inventory:

Hand Weapons
 a - a +0 long sword (weapon)
Missiles
 d - 3 throwing nets (quivered)
Armour
 c - a +0 helmet (worn)
 i - a +0 ring mail of fire resistance (worn)
Jewellery
 b - a ring of resist corrosion (left hand)
Wands
 k - a wand of flame (14)
Scrolls
 e - a scroll of identify {unknown}
 g - 2 scrolls of fear {unknown}
 j - 5 scrolls of teleportation {unknown}
 l - a scroll of enchant armour {unknown}
Comestibles
 f - 2 rations


   Skills:
 + Level 3.0 Fighting
 + Level 3.2 Long Blades
 + Level 2.4 Throwing
 + Level 2.9 Dodging


You had 3 spell levels left.
You didn't know any spells.
Your spell library was empty.

Dungeon Overview and Level Annotations

Branches:
Dungeon (2/15)

Altars:

Annotations:
D:2 Natasha


Innate Abilities, Weirdness & Mutations

You are resistant to torment.
Your stone body is resilient. (AC +3)
You are immune to poison.
You resist negative energy. (rN+)
You are resistant to electric shocks. (rElec)
You can survive without breathing.
You are immune to petrification.
You are immune to rotting.


Message History

Natasha is nearby!
Natasha casts a spell at you. The magic dart hits you.
You closely miss Natasha. Natasha claws you.
You hit Natasha but do no damage. Natasha claws you but does no damage.
You slash Natasha!
Natasha is severely wounded.
Natasha stares at you and mumbles some strange words.
The magic dart hits you.
You are too injured to fight recklessly!
You are too injured to fight recklessly!
You are too injured to fight recklessly!
You barely miss Natasha.
Natasha is severely wounded.
Natasha stares at you and mumbles some strange words.
The magic dart hits you!
* * * LOW HITPOINT WARNING * * *
Natasha stares at you and mumbles some strange words.
The magic dart hits you.
You die...

##.####.####.#
#..............#
#..#.####.####.#
#.. ..#.# #.# #.#
#.#.## #.# ##.#
#.#..###.# ..#
#........# #h#
#.##.###.##
#@#####.##.##.(.##
#.......##.#...<.#
####.#.###....).[)
#.#.# #.#.....#
#.#.###.##...##
#..........#...
#.##..#.###.###
#.# ..# #.# ... ..
#.###


You could see Natasha.

Vanquished Creatures
  Robin (D:2)
  An adder (D:2)
  A worm (D:2)
  A dart slug (D:1)
  2 leopard geckos
  10 goblins
  7 hobgoblins
  A quokka (D:2)
  2 bats
  2 frilled lizards
  4 kobolds (D:1)
  7 rats (D:1)
39 creatures vanquished.

Notes
Turn   | Place    | Note
-------+----------+-------------------------------------------
     0 | D:1      | Borgoz the Gargoyle Gladiator began the quest for the Orb.
     0 | D:1      | Reached XP level 1. HP: 12/12 MP: 1/1
   164 | D:1      | Reached XP level 2. HP: 11/18 MP: 2/2
   668 | D:1      | Reached XP level 3. HP: 22/22 MP: 3/3
   782 | D:2      | Noticed Robin
   989 | D:2      | Killed Robin
  1081 | D:2      | Reached XP level 4. HP: 20/28 MP: 4/4
  1356 | D:2      | Noticed Natasha
  1361 | D:2      | Killed from afar by Natasha

Levels and vault maps discovered:
D:1:      lightli_arrival_maybe_door_vault, layout_loops_cross
D:2:      layout_loops_ring, gammafunk_temple_overflow_claw, uniq_robin,
          uniq_natasha

Skill      XL: |  1  2  3 |
---------------+----------+-----
Throwing       | 2 |  2.4
Long Blades    | 3 |  3.2
Fighting       | 3 |  3.0
Dodging        | |  2.9

Action                   |  1- 3 |  4- 6 || total
-------------------------+-------+-------++-------
Melee: Long sword        |    73 |    12 ||    85
  Eat: Chunk             |     1 |     1 ||     2
Armor: Leather armour    |    12 |       ||    12
       Ring mail         |    25 |     3 ||    28
Dodge: Dodged            |    65 |     8 ||    73
       Rpst.: Long sword |    22 |     3 ||    25

Table legend:
 A = Non-vault XP
 B = Vault XP
 C = Vault XP percentage of total XP
 D = Non-vault monster count
 E = Vault monster count
 F = Vault count percentage of total count
                 A         B        C        D         E       F
            +---------+---------+-------+---------+---------+-------
      Total |      60 |      36 |  37.5 |      27 |      12 |  30.8
            +---------+---------+-------+---------+---------+-------
        D:1 |      35 |       6 |  14.6 |      21 |       3 |  12.5
        D:2 |      25 |      30 |  54.5 |       6 |       9 |  60.0
            +---------+---------+-------+---------+---------+-------
